 Dungeon Crawl Stone Soup version 0.17.1-3-g152610e (webtiles) character file.

57 Miyamura the Shield-Bearer (level 4, -2/35 HPs)
             Began as a Formicid Fighter on Feb 29, 2016.
             Killed from afar by Sigmund (7 damage)
             ... with a puff of flame
             ... on level 2 of the Dungeon.
             The game lasted 00:03:04 (1625 turns).

Miyamura the Shield-Bearer (Formicid Fighter)       Turns: 1625, Time: 00:03:04

Health: -2/35      AC:  2    Str: 20    XL:     4   Next: 18%
Magic:  4/4        EV: 18    Int:  9    God:
Gold:   41         SH:  0    Dex: 15    Spells: 0 memorised, 3 levels left

rFire  . . .     SeeInvis .     (weapon currently unavailable)
rCold  . . .     Clarity  .     (armour currently unavailable)
rNeg   . . .     SustAt   .     (shield currently unavailable)
rPois  x         Gourm    .     (helmet unavailable)
rElec  .         Spirit   .     (cloak currently unavailable)
rCorr  .         Warding  .     (gloves currently unavailable)
rMut   .         Stasis   +     (boots currently unavailable)
MR     .....                    i - amulet of faith
Stlth  +.........               (no ring)
                                m - ring of flight

@: spider-form, flying (expiring), not resistant to hostile enchantments, very
unstealthy
A: permanent stasis, dig shafts and tunnels, four strong arms, (antennae 0)
a: Dig, Shaft Self


You were on level 2 of the Dungeon.
You were not hungry.
You were a venomous arachnid creature.
You visited 1 branch of the dungeon, and saw 2 of its levels.

You collected 41 gold pieces.

Inventory:

Hand Weapons
 a - a +0 war axe (melded)
Missiles
 n - 4 tomahawks (quivered)
 u - 10 poisoned needles
Armour
 c - a +0 shield (melded)
 k - a +0 pair of gloves (melded)
 p - a +0 chain mail (melded)
Jewellery
 i - an amulet of faith (around neck)
 m - a ring of flight (left front leg)
Scrolls
 b - a scroll of enchant weapon {unknown}
 g - a scroll of amnesia {unknown}
 o - a scroll of remove curse {unknown}
 q - a scroll of magic mapping {unknown}
 r - a scroll of random uselessness {unknown}
Potions
 d - a potion of might
 h - a potion of flight
 j - a potion of curing {unknown}
 l - a potion of agility {unknown}
Comestibles
 e - 2 bread rations
 f - 2 meat rations
 s - a slice of pizza
 t - 6 chunks of flesh


   Skills:
 + Level 3.5 Fighting
 + Level 2.6 Axes
 + Level 3.7 Armour
 + Level 1.2 Dodging
 + Level 4.1 Shields


You had 3 spell levels left.
You didn't know any spells.

Dungeon Overview and Level Annotations

Branches:
Dungeon (2/15)

Altars:

Annotations:
D:2 Sigmund


Innate Abilities, Weirdness & Mutations

You are under a permanent stasis effect.
You can dig through walls and to a lower floor.
Your four strong arms can wield two-handed weapons with a shield.
((You have a pair of large antennae on your head (SInv).))


Message History

You kill the bat!
A puff of flame appears from out of thin air!
The puff of flame misses you. Something hits you!
* * * LOW HITPOINT WARNING * * *
You are starting to lose your buoyancy.
Something closely misses you.
Sigmund appears from thin air!
Reactivating autopickup.
Sigmund laughs darkly.
The hobgoblin misses you.
Drink which item? (? for menu, Esc to quit)
Okay, then.
You hit the hobgoblin.
You kill the hobgoblin!
Sigmund hits you from afar with a vampiric scythe.
* * * LOW HITPOINT WARNING * * *
Sigmund gestures at you while chanting. The puff of flame hits you!
You die...

.... #. { #..# #.
{ #.. #. { #.. #.
{####.# # #.
....# #.##. #..#
#...)####### #..#
#.s..@..######..#
#.#####.........#
#. ########)## #.
#)# #. #.# # #.
#)# . #. ##.# #.
#..# #.## {


You could see Sigmund.

Vanquished Creatures
  Robin (D:2)
  A bat (D:2)
  7 hobgoblins
  3 giant cockroaches (D:1)
  3 giant newts (D:1)
  13 goblins
  4 jackals
  6 kobolds
  6 rats
44 creatures vanquished.

Notes
Turn   | Place    | Note
--------------------------------------------------------------
     0 | D:1      | Miyamura the Formicid Fighter began the quest for the Orb.
     0 | D:1      | Reached XP level 1. HP: 18/18 MP: 1/1
   185 | D:1      | Reached XP level 2. HP: 17/24 MP: 2/2
   635 | D:1      | Reached skill level 1 in Dodging
   686 | D:1      | Reached XP level 3. HP: 29/29 MP: 3/3
  1556 | D:2      | Noticed Robin
  1566 | D:2      | Reached skill level 4 in Shields
  1574 | D:2      | Killed Robin
  1576 | D:2      | Reached XP level 4. HP: 32/35 MP: 4/4
  1588 | D:2      | Noticed Sigmund
  1625 | D:2      | Killed from afar by Sigmund

Action                   |  1- 3 |  4- 6 || total
-------------------------+-------+-------++-------
Melee: War axe           |   100 |    15 ||   115
       Unarmed           |       |     5 ||     5
  Use: Potion            |       |     1 ||     1
  Eat: Chunk             |     2 |       ||     2
